 Dungeon Crawl Stone Soup version 0.28-a0-422-gd71735cc25 (webtiles) character file.

Game seed: 10290403071169933152

404 siradein the Chiller (level 6, 0/32 HPs)
             Began as a Deep Elf Ice Elementalist on Sept 8, 2021.
             Slain by a water moccasin skeleton (5 damage)
             ... on level 5 of the Dungeon.
             The game lasted 00:18:56 (4251 turns).

siradein the Chiller (Deep Elf Ice Elementalist)    Turns: 4251, Time: 00:18:57

Health: 0/32       AC:  9    Str:  5    XL:     6   Next: 56%
Magic:  6/17       EV: 12    Int: 22    God:
Gold:   128        SH:  0    Dex: 15    Spells: 2/17 levels left

rFire   . . .      SeeInvis .   (no weapon)
rCold   . . .      Faith    .   (no shield)
rNeg    . . .      Spirit   .   a - +0 robe
rPois   .          Reflect  .   (no helmet)
rElec   .          Harm     .   (no cloak)
rCorr   .          Rampage  .   (no gloves)
Will    .....                   (no boots)
Stlth   ++........              (no amulet)
HPRegen 0.10/turn               h - ring of wizardry
MPRegen 0.15/turn               (no ring)

@: ice-armoured
A: no striking features
a: no special abilities


You were on level 5 of the Dungeon.
You visited 1 branch of the dungeon, and saw 5 of its levels.

You collected 128 gold pieces.

Inventory:

Hand Weapons
 m - a +0 club
Missiles
 e - a throwing net
Armour
 a - a +0 robe (worn)
Jewellery
 h - a ring of wizardry (left hand)
Scrolls
 b - 2 scrolls of fear {unknown}
 c - 3 scrolls of enchant armour {unknown}
 i - 3 scrolls of holy word {unknown}
 j - a scroll of fog {unknown}
Potions
 d - a potion of heal wounds {unknown}
 f - 2 potions of berserk rage {unknown}
 g - a potion of ambrosia {unknown}
 k - 2 potions of flight {unknown}
 l - a potion of invisibility {unknown}


   Skills:
 - Level 2.4 Dodging
 - Level 2.4 Stealth
 + Level 6.1 Spellcasting
 + Level 3.5 Translocations
 + Level 6.3 Ice Magic


You had 2 spell levels left.
You knew the following spells:

 Your Spells              Type           Power      Damage    Failure   Level
a - Freeze                Ice            100%       1d11      1%          1
b - Frozen Ramparts       Ice            68%        1d8       1%          3
c - Ozocubu's Armour      Ice            34%        N/A       1%          3
d - Gell's Gravitas       Tloc           11%        N/A       2%          3
e - Apportation           Tloc           44%        N/A       1%          1
f - Hailstorm             Conj/Ice       20%        3d6       10%         4

Your spell library contained the following spells:

 Spells                   Type           Power      Damage    Failure   Level
 Magic Dart               Conj           24%        1d4       3%          1
 Call Imp                 Summ           6%         N/A       6%          2
 Lesser Beckoning         Tloc           22%        N/A       2%          3
 Teleport Other           Tloc           22%        N/A       2%          3
 Ignite Poison            Fire/Tmut/Pois 6%         N/A       11%         3
 Mephitic Cloud           Conj/Pois/Air  6%         N/A       11%         3
 Irradiate                Conj/Tmut      3%         3d14      65%         5
 Statue Form              Tmut/Erth      4%         N/A       99%         6


Dungeon Overview and Level Annotations

Branches:
Dungeon (5/15)
 Temple: D:4-7

Altars:

Shops:
D:1 :

Annotations:
D:4 Menkaure


Message History

The water moccasin skeleton bites you but does no damage.
The water moccasin skeleton completely misses you.
You hit the water moccasin skeleton.
The water moccasin skeleton is moderately damaged.
The water moccasin skeleton bites you.
You barely miss the water moccasin skeleton.
The water moccasin skeleton is moderately damaged.
The water moccasin skeleton barely misses you.
You hit the water moccasin skeleton but do no damage.
The water moccasin skeleton is moderately damaged.
The water moccasin skeleton bites you.
You closely miss the water moccasin skeleton.
The water moccasin skeleton is moderately damaged.
The water moccasin skeleton closely misses you.
Aiming: Freeze (safe; 1% risk of failure)
Press: ? - help, Q - select action, (/) - cycle Shift-Dir - straight line, f - water moccasin skeleton
Aim: a water moccasin skeleton (moderately damaged)
You freeze the water moccasin skeleton but do no damage.
The water moccasin skeleton completely resists.
The water moccasin skeleton bites you but does no damage.
The water moccasin skeleton bites you.
Casting: Freeze (safe; 1% risk of failure)
Confirm with . or Enter, or press ? or * to list all spells.
You can't see any susceptible monsters within range! (Use Z to cast anyway.) Unknown command.
You are too injured to fight recklessly!
You are too injured to fight recklessly!
You are too injured to fight recklessly!
You are too injured to fight recklessly!
Your icy armour will break if you move.
Continue?
Your icy armour cracks and falls away as you move.
The water moccasin skeleton bites you!
* * * LOW HITPOINT WARNING * * *
You see here a +0 club.
m - a +0 club The water moccasin skeleton misses you.
Casting: Freeze (safe; 1% risk of failure)
Confirm with . or Enter, or press ? or * to list all spells.
A film of ice covers your body! The water moccasin skeleton bites you.
You die...

###############
######.......##....#
.............##....## ##
....................#####.
........Z@)...............
.....=...##..........####.
.........#######......<#.#
$......... #.......#..
....)...... #.......#..
...........# #......##<#
....#....### #..........
....#....# ##.....###.. ..
...... .............


You could see a water moccasin skeleton.

Vanquished Creatures
  Sigmund (D:2)
  A sky beast (D:3)
  A bullfrog skeleton (D:3)
  4 gnolls
  2 adders (D:3)
  3 dart slugs
  6 orcs
  4 endoplasms
  A giant cockroach (D:1)
  6 goblins
  5 hobgoblins
  A quokka (D:5)
  7 ball pythons
  5 bats
  3 frilled lizards
  4 kobolds
  8 rats
62 creatures vanquished.

Notes
Turn   | Place    | Note
-------+----------+-------------------------------------------
     0 | D:1      | siradein the Deep Elf Ice Elementalist began the quest for
                  | the Orb.
     0 | D:1      | Reached XP level 1. HP: 10/10 MP: 6/6
   409 | D:1      | Reached XP level 2. HP: 12/15 MP: 4/8
   904 | D:1      | Reached skill level 5 in Ice Magic
   904 | D:1      | Reached XP level 3. HP: 3/19 MP: 4/10
  1166 | D:1      | Learned a level 3 spell: Frozen Ramparts
  1170 | D:1      | Learned a level 3 spell: Ozocubu's Armour
  1174 | D:1      | Learned a level 3 spell: Gell's Gravitas
  1444 | D:1      | Found Otubesk's Book Emporium.
  1682 | D:2      | Reached skill level 1 in Translocations
  1684 | D:2      | Reached XP level 4. HP: 9/24 MP: 5/12
  2011 | D:2      | Noticed Sigmund
  2033 | D:2      | Killed Sigmund
  2034 | D:2      | Reached skill level 5 in Spellcasting
  2034 | D:2      | Reached XP level 5. HP: 12/28 MP: 2/15
  2312 | D:2      | Got the Papyrus of Shape Shifting and Displacement
  3206 | D:3      | Noticed a sky beast
  3216 | D:3      | Killed a sky beast
  3217 | D:3      | Reached XP level 6. HP: 21/32 MP: 11/17
  3440 | D:3      | Found a faded altar of an unknown god.
  3703 | D:3      | Learned a level 1 spell: Apportation
  3708 | D:3      | Learned a level 4 spell: Hailstorm
  3996 | D:4      | Noticed Menkaure
  4102 | D:5      | Entered Level 5 of the Dungeon
  4251 | D:5      | Slain by a water moccasin skeleton

Illustrated notes

Levels and vault maps discovered:
D:1:      lemuel_arrival_hallway, layout_basic, serial_shops, shop
D:2:      layout_basic, serial_corexii_hall, corexii_hall_statues_i,
          chequers_hall_statues_wall_a, hex_large, uniq_sigmund
D:3:      layout_rooms, hellmonk_ecumenical_altar_inner_sanctum,
          kennysheep_generic_room_9
D:4:      layout_rooms, lemuel_crystal_altar, minmay_misc_feat_hallway,
          uniq_grinder, uniq_menkaure
D:5:      layout_basic, minmay_temple_entry_gardened_gates,
          ebering_ghost_sewer_d

Skill      XL: |  1  2  3  4  5 |
---------------+----------------+-----
Spellcasting   | 4 5 6 |  6.1
Ice Magic      | 5 6 |  6.3
Translocations | 1 2 3 |  3.5
Dodging        | |  2.4
Stealth        | |  2.4

Action                   |  1- 3 |  4- 6 || total
-------------------------+-------+-------++-------
Melee: Unarmed           |     2 |    49 ||    51
 Cast: Freeze            |    34 |    17 ||    51
       Frozen Ramparts   |     3 |    14 ||    17
       Ozocubu's Armour  |       |     4 ||     4
       Gell's Gravitas   |       |    11 ||    11
Armor: Robe              |     3 |    31 ||    34
Dodge: Dodged            |    22 |    34 ||    56

Table legend: (Time is in decaauts)
 A = Elapsed time spent in this place.
 B = Non-inter-level travel time spent in this place.
 C = Inter-level travel time spent in this place.
 D = Time resting spent in this place.
 E = Time spent auto-exploring this place.
 F = Levels seen in this place.
 G = Mean time per level.
                   A        B        C        D        E       F      G
               +--------+--------+--------+--------+--------+-----+--------+
         Total |   4250 |   4178 |     72 |      3 |   3652 |   5 |  850.0 |
       Dungeon |   4250 |   4178 |     72 |      3 |   3652 |   5 |  850.0 |
               +--------+--------+--------+--------+--------+-----+--------+

Top non-repeatable levels by time:
     D:1: 1458 daAuts
     D:2: 1427 daAuts
     D:3: 1152 daAuts
     D:5: 148 daAuts
     D:4: 64 daAuts
